 Dungeon Crawl Stone Soup version 0.30.1-11-g7821555f0a (webtiles) character file.

Game seed: 11500915985442818983

63 jagang the Trooper (level 3, 0/22 (29) HPs)
             Began as a Demonspawn Fighter on Dec 13, 2023.
             Slain by a phantom (3 damage)
             ... on level 2 of the Dungeon.
             The game lasted 00:04:09 (1254 turns).

jagang the Trooper (Demonspawn Fighter)             Turns: 1254, Time: 00:04:09

HP:   0/22 (29)     AC:  6    Str: 18    XL:     3   Next: 89%
MP:   4/4           EV:  9    Int:  9    God:
Gold: 52            SH:  4    Dex: 12    Spells: 2/2 levels left

rFire   . . .        a - +0 flail
rCold   . . .        c - +0 buckler
rNeg    . . .        b - +0 scale mail
rPois   .            (no helmet)
rElec   .            (no cloak)
rCorr   .            (no gloves)
SInv    .            (no boots)
Will    .....        (no amulet) Stlth
                     (no ring)
HPRegen 0.23/turn    (no ring)
MPRegen 0.09/turn

%: no passive effects
@: heavily drained
A: ignite blood 1
a: no special abilities


You were on level 2 of the Dungeon.
You visited 1 branch of the dungeon, and saw 2 of its levels.

You collected 108 gold pieces.
You spent 56 gold pieces at shops.

Inventory:

Hand Weapons
 a - a +0 flail (weapon)
Missiles
 m - 2 datura-tipped darts (quivered)
Armour
 b - a +0 scale mail (worn)
 c - a +0 buckler (worn)
Jewellery
 f - an amulet of magic regeneration
Scrolls
 e - 4 scrolls of identify
 g - 2 scrolls of butterflies {unknown}
 i - a scroll of fog {unknown}
 j - a scroll of brand weapon {unknown}
 k - a scroll of blinking {unknown}
Potions
 d - a potion of might
 h - 3 potions of heal wounds {unknown}
 l - a potion of cancellation {unknown}


   Skills:
 + Level 3.2 Fighting
 * Level 2.6 Maces & Flails
 + Level 0.8 Throwing
 + Level 3.0 Armour
 + Level 2.9 Shields
 + Level 1.4 Invocations
 + Level 0.6 Evocations


You had 2 spell levels left.
You didn't know any spells.
Your spell library contained the following spells:

 Spells                   Type           Power      Damage    Failure   Level
 Cigotuvi's Dreadful Rot  Necr/Pois/Air  0%         N/A       94%         2
 Ignite Poison            Fire/Tmut/Pois 0%         N/A       99%         3
 Freezing Cloud           Conj/Ice/Air   0%         6-21      100%        5


Dungeon Overview and Level Annotations

Branches:
Dungeon (2/15)

Altars:

Shops:
D:1 (?


Innate Abilities, Weirdness & Mutations

Your demonic aura sometimes causes spilled blood to erupt in flames.


Message History

The phantom is lightly damaged.
The phantom hits you but does no damage.
The phantom hits you.
The phantom blinks!
You blink.
Found 8 gold pieces.
You closely miss the phantom.
The phantom is lightly damaged.
The adder bites you.
The phantom hits you but does no damage.
You closely miss the phantom.
The phantom is lightly damaged.
You block the adder's attack. The phantom hits you.
You block the adder's attack.
You miss the phantom.
The phantom is lightly damaged.
The adder bites you but does no damage.
The phantom hits you but does no damage.
The adder closely misses you.
You hit the phantom but do no damage.
The phantom is lightly damaged.
The phantom hits you. The adder closely misses you. The phantom hits you.
The phantom blinks!
You blink.
You closely miss the phantom.
The phantom is lightly damaged.
The phantom hits you.
You are too injured to fight recklessly!
You are too injured to fight recklessly!
You hit the phantom but do no damage.
The phantom is lightly damaged.
The phantom hits you.
The phantom blinks!
You blink.
The adder bites you.
* * * LOW HITPOINT WARNING * * *
You miss the adder.
The phantom hits you but does no damage.
You block the adder's attack. The phantom barely misses you.
You hit the adder but do no damage. The adder barely misses you.
The adder bites you but does no damage. The phantom hits you.
* * * LOW HITPOINT WARNING * * *
The phantom blinks!
You blink.
You closely miss the phantom.
The phantom is lightly damaged.
The phantom hits you.
You die...

## #.#.##.#
#....[.##.#
#.#.##.#
#......##.####
#......#
#......##....#
###+##+#
#......#####.#
########
#.######
#....... #####
#######. #.W.#
#. #### #.@.#
#######. ...# #+
+...# #.......
...# #.# #...#
#.###### ...# ..
#...# #.# ...#
..#.S.# #.# ####
.#...# #.#
+....## #.#
#.#..# #.# ###
#.#..#########.#


You could see a phantom and an adder.

Vanquished Creatures
  An adder (D:2)
  A worm (D:2)
  A dart slug (D:1)
  3 ball pythons (D:1)
  3 endoplasms
  6 giant cockroaches
  5 goblins
  A hobgoblin (D:1)
  4 jackals (D:1)
  6 kobolds
  A quokka (D:2)
  3 bats (D:2)
  4 frilled lizards
  6 rats
45 creatures vanquished.

Notes
Turn   | Place    | Note
-------+----------+-------------------------------------------
     0 | D:1      | jagang the Demonspawn Fighter began the quest for the Orb.
     0 | D:1      | Reached XP level 1. HP: 18/18 MP: 1/1
    83 | D:1      | Found Quelaj's Magic Scroll Shoppe.
    89 | D:1      | Gained mutation: Your demonic aura sometimes causes spilled
                  | blood to erupt in flames. [demonic ancestry]
    89 | D:1      | Reached XP level 2. HP: 21/24 MP: 2/2
   117 | D:1      | You fall into a shaft and drop 1 floor!
   401 | D:1      | Reached skill level 1 in Invocations
   470 | D:1      | Reached XP level 3. HP: 11/29 MP: 3/3
   617 | D:1      | Bought a scroll of identify for 28 gold pieces
   617 | D:1      | Bought a scroll of identify for 28 gold pieces
   699 | D:1      | Found Ileit's Antique Weapon Emporium.
  1239 | D:2      | Noticed a phantom
  1254 | D:2      | Slain by a phantom

Illustrated notes

Levels and vault maps discovered:
D:1:      heliophobic_arrival_henge, layout_rooms, serial_shops, shop,
          nicolae_shop_rolling_square, chequers_serial_rivers_micro_c
D:2:      layout_basic, grunt_ministairs_10, serial_park_tiny_1,
          minmay_worlds_worst_comb

Skill      XL: |  1  2  3 |
---------------+----------+-----
Maces & Flails | 2 |  2.6
Invocations    | 1 |  1.4
Armour         | 3 |  3.0
Fighting       | |  3.2
Throwing       | |  0.8
Shields        | |  2.9
Evocations     | |  0.6

Action                     || total
---------------------------++-------
  Melee: Flail             ||   138
 Armour: Scale mail        ||    79
  Dodge: Dodged            ||    73
  Block: Buckler           ||    38
